Map: Lost and Found LE

Players

Optimus

  • Race: Terran Terran
  • Spawn Location: 7:00

Namshar - Winner!

  • Race: Zerg Zerg
  • Spawn Location: 1:00

Event: WCS Austin 2018

VOD

Have the link to the VOD?

Description

Time

  • Played on: June 1, 2018, 4:56 p.m.
  • Length: 16:30

All games in this series

Show
View Real Time Build Order
Export as new Build Order

Optimus Terran 

Build Orders: Hellion Opening, Reaper Expand, Bio Tank 

Get SALT Encoding   

  12  0:00  SCV  
  13  0:12  SCV  
  14  0:17  Supply Depot  
  14  0:24  SCV  
  15  0:38  SCV  
  15  0:40  Barracks  
  16  0:43  Refinery  
  16  0:50  SCV  
  17  1:03  SCV  
  18  1:15  SCV  
  19  1:26  Reaper  
  19  1:28  Orbital Command  
  20  1:40  Command Center  
  20  1:47  Supply Depot  
  20  1:53  SCV  
  21  1:58  Marine  
  22  2:03  Factory  
  22  2:08  SCV  
  23  2:12  Refinery  
  23  2:20  SCV  
  23  2:21  Barracks Reactor  
  24  2:32  SCV  
  26  2:44  SCV  
  26  2:49  Starport  
  26  2:52  Orbital Command  
  26  2:56  SCV  
  27  3:02  Barracks Tech Lab  
  27  3:03  Hellion x2  
  31  3:08  SCV  
  32  3:19  SCV  
  33  3:20  SCV  
  33  3:22  Supply Depot  
  33  3:26  Hellion x2  
  38  3:31  SCV  
  38  3:32  SCV  
  40  3:39  Raven  
  41  3:43  SCV  
  41  3:44  SCV  
  41  3:47  Hellion x2  
  47  3:49  Supply Depot  
  47  3:55  SCV  
  47  3:56  SCV  
  49  4:05  Liberator  
  49  4:06  Command Center  
  49  4:07  SCV  
  50  4:10  Hellion  
  50  4:11  Hellion  
  50  4:14  SCV  
  55  4:19  Supply Depot  
  55  4:20  SCV  
  59  4:26  SCV  
  59  4:29  Barracks Tech Lab  
  60  4:32  SCV  
  61  4:38  SCV  
  61  4:39  Barracks  
  61  4:40  Barracks  
  61  4:42  Factory Reactor  
  61  4:44  Refinery  
  61  4:45  SCV  
  63  4:50  Marine  
  63  4:51  SCV  
  65  4:53  Stimpack  
  65  5:03  Engineering Bay x2, SCV x2  
  63  5:07  Marine  
  64  5:15  Starport Reactor, SCV x2  
  64  5:17  Refinery  
  64  5:20  Orbital Command  
  64  5:25  Marine  
  64  5:27  SCV  
  64  5:28  SCV  
  67  5:30  Terran Infantry Weapons Level 1, Terran Infantry Armor Level 1  
  67  5:36  Marine x3  
  67  5:37  Marine  
  67  5:38  Siege Tank  
  67  5:40  SCV  
  67  5:41  Orbital Command  
  67  5:42  SCV  
  76  5:43  Marine  
  77  5:51  Barracks  
  77  5:52  SCV  
  77  5:54  SCV  
  77  5:55  Barracks  
  79  5:58  Supply Depot  
  79  6:03  Marine x3  
  79  6:04  Marine x2, SCV  
  84  6:08  SCV  
  84  6:09  Supply Depot  
  80  6:12  Medivac  
  80  6:13  Medivac  
  80  6:16  SCV  
  80  6:17  SCV  
  82  6:21  SCV  
  82  6:24  Armory  
  83  6:28  SCV  
  83  6:29  Factory  
  83  6:30  SCV  
  83  6:32  Siege Tank  
  88  6:33  SCV  
  88  6:37  Marine  
  90  6:40  SCV  
  90  6:41  Refinery x2  
  90  6:42  SCV  
  90  6:43  Barracks Reactor x2  
  90  6:45  SCV  
  93  6:48  Marine x4  
  93  6:52  SCV  
  93  6:54  Marine, SCV, Combat Shields  
  99  6:57  Supply Depot, SCV  
  101  7:04  SCV, Siege Tank  
  101  7:05  Marine  
  106  7:10  Medivac  
  106  7:11  SCV  
  109  7:19  Medivac, Marine x4, SCV  
  109  7:21  Factory Tech Lab  
  109  7:22  SCV  
  117  7:26  Supply Depot x2  
  117  7:29  SCV  
  117  7:30  Marine, Terran Infantry Weapons Level 2  
  117  7:35  Terran Infantry Armor Level 2  
  117  7:39  Supply Depot  
  117  7:41  Marine x8  
  117  7:42  Supply Depot  
  125  7:47  Marine, Siege Tank  
  125  7:49  Siege Tank  
  132  7:53  Supply Depot  
  132  7:54  SCV x2  
  133  7:59  Marine x3  
  136  8:05  Medivac  
  136  8:06  Medivac  
  136  8:07  Marauder, Marine x5  
  136  8:10  SCV x2  
  149  8:16  Marine  
  149  8:17  Marine x2  
  152  8:24  Marine  
  152  8:25  Marine x3  
  156  8:27  Siege Tank x2  
  156  8:32  Marauder, Supply Depot x2  
  161  8:44  Medivac x2  
  165  8:49  Command Center  
  165  8:57  Terran Vehicle Weapons Level 1  
  165  8:58  Supply Depot x2  
  165  8:59  Marine x8, Siege Tank x2  
  165  9:01  Marauder  
  181  9:24  Marine x9  
  181  9:29  Barracks x2  
  181  9:30  Barracks  
  187  9:31  Siege Tank x2  
  187  9:34  Medivac  
  187  9:35  Medivac  
  187  9:37  Supply Depot  
  194  9:54  Terran Infantry Weapons Level 3  
  194  9:55  Terran Infantry Armor Level 3, Marine x3  
  194  9:58  Marine x3  
  200  10:03  Marine  
  200  10:04  Marine  
  199  10:08  SCV  
  170  10:14  SCV  
  170  10:15  Marine x3, SCV  
  170  10:20  SCV  
  170  10:21  Marauder, Marine x4  
  167  10:22  Marine, Siege Tank  
  167  10:23  Siege Tank  
  167  10:27  SCV x2  
  171  10:32  SCV  
  171  10:33  Marine x2  
  137  10:39  SCV x2  
  138  10:44  SCV  
  138  10:47  Marine x2  
  142  10:51  SCV x2  
  142  10:53  Planetary Fortress  
  142  10:54  Siege Tank  
  142  10:56  SCV  
  147  11:01  Marine x2  
  147  11:03  Siege Tank, SCV  
  151  11:10  Marine x4, SCV x2  
  157  11:15  SCV  
  158  11:22  Marine x7, SCV  
  159  11:26  Siege Tank  
  159  11:32  Marine x4  
  129  11:35  Siege Tank  
  130  11:40  Marine x2  
  130  11:42  Refinery x2  
  130  11:43  Barracks Tech Lab x2  
  130  11:46  SCV x2  
  133  11:52  Medivac x2, Command Center  
  133  11:53  Barracks Tech Lab  
  135  11:58  Siege Tank, Sensor Tower  
  138  12:03  SCV  
  138  12:04  SCV  
  138  12:07  Siege Tank  
  143  12:09  Marine x3  
  143  12:10  Marine x4  
  154  12:16  Concussive Shells  
  154  12:19  SCV x2  
  154  12:22  Medivac x2  
  160  12:27  Marine x5  
  160  12:29  Marauder x4  
  169  12:31  Siege Tank  
  169  12:34  SCV x3  
  175  12:50  Marauder x2  
  179  12:53  Ghost Academy  
  179  12:58  Medivac x2  
  183  12:59  Marauder  
  183  13:01  Terran Vehicle Weapons Level 2  
  187  13:08  Marine x8  
  187  13:12  Marauder x2, Siege Tank  
  182  13:22  Siege Tank  
  182  13:23  Marauder x2  
  182  13:26  Marine x4  
  177  13:28  Medivac x2  
  177  13:31  Planetary Fortress  
  181  13:38  Marauder x2, Marine x4  
  189  13:43  Marine  
  189  13:44  Marine  
  191  13:55  Personal Cloaking  
  191  13:58  Medivac x2  
  195  14:03  Siege Tank  
  195  14:15  Marine, Siege Tank  
  195  14:16  Marine x10  
  194  14:28  Marauder, Liberator  
  190  14:33  Marine  
  190  14:34  Command Center, Marauder, Marine x6  
  199  14:41  Marine  
  199  14:54  Liberator  
  199  14:56  Siege Tank x2  
  199  14:58  Marauder x2, Marine x9  
  199  14:59  Marine  
  171  15:04  SCV x2  
  154  15:16  Marine x6  
  153  15:28  Siege Tank x2  
  153  15:31  Marine x4  
  163  15:38  Marauder x2, Marine x6  
  173  15:49  Marauder, Marine  
  175  15:52  Marauder, Marine  
  175  15:56  Marine x3  
  187  16:09  Marine  
  187  16:10  Marine x7  
Show
View Real Time Build Order
Export as new Build Order

Namshar Zerg - Winner!

Build Orders: Hatch First 

Get SALT Encoding   

  12  0:00  Drone  
  13  0:12  Overlord  
  13  0:16  Drone  
  14  0:31  Drone x2  
  14  0:34  Drone  
  17  0:51  Hatchery  
  17  0:54  Drone  
  17  0:57  Drone  
  17  1:03  Extractor  
  17  1:12  Spawning Pool  
  17  1:15  Drone  
  17  1:18  Drone  
  18  1:28  Drone  
  19  1:39  Drone  
  20  1:49  Overlord  
  20  1:58  Queen  
  22  2:03  Queen  
  22  2:04  Metabolic Boost, Zergling x4  
  26  2:11  Zergling x2  
  26  2:14  Drone  
  28  2:22  Drone  
  29  2:25  Drone  
  30  2:34  Drone  
  30  2:35  Queen  
  32  2:38  Queen  
  32  2:40  Overlord  
  34  2:44  Overlord  
  34  2:48  Drone  
  35  2:58  Overlord  
  35  3:00  Drone  
  35  3:05  Drone  
  37  3:09  Drone x4  
  41  3:17  Drone x2  
  43  3:24  Hatchery  
  43  3:26  Drone  
  43  3:27  Drone  
  43  3:28  Drone  
  45  3:36  Queen  
  45  3:37  Drone x2  
  49  3:45  Drone, Roach Warren  
  49  3:47  Overlord  
  49  3:51  Extractor, Zergling x4  
  50  3:58  Zergling x2  
  50  3:59  Overlord  
  50  4:00  Drone x2  
  50  4:01  Drone  
  54  4:10  Overlord  
  54  4:16  Drone x4  
  58  4:26  Lair  
  58  4:29  Drone x4  
  62  4:33  Drone x2  
  62  4:38  Queen  
  64  4:40  Roach  
  64  4:45  Roach x2  
  72  4:46  Evolution Chamber x2  
  72  4:48  Roach  
  72  4:55  Baneling Nest  
  72  4:56  Zergling x2  
  71  5:00  Roach, Zergling x2  
  71  5:01  Zergling x10  
  72  5:08  Drone  
  72  5:09  Drone x2  
  72  5:14  Zerg Ground Armor Level 1  
  75  5:16  Drone x4  
  75  5:20  Drone x2  
  81  5:29  Drone  
  81  5:32  Zerg Melee Weapons Level 1  
  81  5:33  Extractor  
  81  5:34  Overlord  
  81  5:35  Overlord x2  
  80  5:46  Zergling x2  
  80  5:47  Overlord  
  80  5:48  Overlord  
  81  5:51  Hatchery  
  80  5:58  Drone x10  
  89  6:06  Drone  
  89  6:07  Drone  
  89  6:08  Extractor  
  89  6:10  Extractor  
  89  6:13  Drone  
  89  6:14  Drone  
  90  6:22  Drone x3  
  90  6:23  Hydralisk Den  
  90  6:25  Drone x2  
  94  6:26  Drone  
  94  6:31  Overlord  
  95  6:33  Centrifical Hooks, Zergling x12  
  101  6:40  Ravager x3  
  101  6:43  Extractor  
  101  6:44  Drone  
  104  6:49  Overlord, Drone x3  
  104  6:50  Zergling x4  
  109  6:55  Grooved Spines  
  109  6:56  Baneling, Zergling x4  
  109  6:57  Baneling  
  111  7:06  Drone x4  
  111  7:07  Overlord x2, Drone  
  116  7:11  Drone x2  
  113  7:19  Zergling x12  
  117  7:32  Queen  
  117  7:33  Zerg Ground Armor Level 2, Zerg Melee Weapons Level 2  
  117  7:35  Overlord, Drone x2  
  117  7:36  Overlord x2  
  119  7:45  Drone x3  
  119  7:46  Drone  
  119  7:47  Drone x2  
  119  7:48  Overlord x2  
  119  7:49  Zergling x12  
  131  7:53  Infestation Pit  
  131  7:54  Zergling x2  
  127  8:06  Muscular Augments  
  127  8:07  Hydralisk x8  
  127  8:09  Baneling x6  
  143  8:20  Baneling x7  
  143  8:21  Queen  
  145  8:28  Hydralisk x3  
  145  8:32  Hydralisk x2  
  155  8:36  Hydralisk  
  155  8:37  Zergling x16  
  162  8:44  Hydralisk x2  
  162  8:45  Zergling x2  
  167  9:00  Hive  
  167  9:02  Zergling x26, Extractor  
  179  9:03  Zergling x2  
  179  9:07  Hatchery  
  175  9:12  Baneling x8  
  175  9:14  Zergling x2  
  175  9:15  Zergling x12  
  182  9:22  Zergling x8  
  186  9:26  Baneling x9  
  184  9:38  Drone x3  
  184  9:41  Baneling x4  
  184  9:44  Hydralisk  
  184  9:45  Zergling x20  
  180  9:51  Hydralisk  
  180  9:52  Zergling x6  
  181  9:57  Zergling x12  
  187  10:02  Zergling x6  
  190  10:11  Hydralisk  
  190  10:12  Zergling x10  
  190  10:13  Baneling  
  190  10:14  Baneling x11  
  179  10:18  Hydralisk  
  179  10:19  Zergling x8  
  179  10:21  Baneling x5  
  171  10:28  Hydralisk, Zergling x2  
  159  10:29  Zergling x10  
  159  10:33  Hydralisk, Zergling x2  
  159  10:34  Zergling x10  
  157  10:43  Queen  
  157  10:48  Drone x4  
  162  10:50  Baneling  
  162  10:51  Zerg Ground Armor Level 3, Zerg Melee Weapons Level 3  
  162  11:02  Adrenal Glands  
  162  11:06  Drone x5  
  162  11:07  Drone  
  162  11:08  Zergling x12  
  162  11:10  Baneling x3  
  174  11:14  Zergling x6  
  174  11:16  Baneling x4  
  174  11:18  Ravager x2  
  178  11:19  Hydralisk  
  178  11:20  Zergling x2  
  170  11:29  Hydralisk, Zergling x2  
  170  11:30  Zergling x14  
  157  11:35  Hydralisk  
  157  11:36  Zergling x10  
  164  11:49  Drone  
  164  11:50  Drone, Spire  
  164  11:53  Zergling x22  
  176  11:54  Baneling  
  176  11:55  Baneling x4  
  176  11:58  Viper  
  176  12:00  Zergling x10  
  184  12:08  Zergling x2  
  184  12:09  Zergling x4  
  184  12:11  Viper  
  184  12:15  Hydralisk, Zergling x6  
  193  12:16  Zergling x10  
  200  12:28  Baneling x12  
  200  12:35  Baneling x6  
  188  12:45  Zergling x24  
  199  13:01  Spore Crawler, Queen  
  200  13:06  Hatchery  
  200  13:12  Greater Spire  
  189  13:23  Zergling x2  
  189  13:24  Zergling x40  
  189  13:26  Hatchery, Baneling x19  
  195  13:28  Zerg Missile Weapons Level 1  
  195  13:35  Spore Crawler  
  195  13:37  Hydralisk, Zergling x2  
  195  13:38  Zergling x6  
  200  13:43  Baneling  
  200  13:44  Baneling x9  
  200  13:49  Baneling  
  174  14:11  Hydralisk  
  174  14:12  Zergling x40  
  170  14:21  Hydralisk, Zergling x2  
  170  14:22  Zergling x10  
  177  14:32  Baneling x8  
  177  14:34  Zergling x10  
  177  14:35  Zergling x10  
  187  14:40  Corruptor  
  187  14:44  Hydralisk x4  
  187  14:45  Hatchery  
  196  14:47  Baneling  
  196  14:48  Baneling x12  
  196  14:52  Hydralisk, Zergling x2  
  198  14:53  Zergling x2  
  198  14:59  Hydralisk  
  164  15:00  Zergling x14  
  164  15:05  Hydralisk x3, Zergling x2  
  158  15:07  Hydralisk x3  
  158  15:14  Zergling x6  
  158  15:15  Viper x2, Zergling x2  
  158  15:17  Brood Lord  
  158  15:19  Baneling x2  
  158  15:20  Hydralisk  
  158  15:21  Zergling x12  
  176  15:30  Zergling x18  
  176  15:34  Baneling x7  
  185  15:40  Baneling x2  
  185  15:41  Zergling x10  
  187  15:50  Hydralisk  
  187  15:51  Zergling x24  
  187  15:53  Baneling  
  187  15:54  Baneling x3  
Tags
 
Add a new tag
Caveats
  • Supply blocks, unpowered buildings, or Contaminate may cause inaccurate times.
  • Supply counts are checked every 10 seconds.